 Dungeon Crawl Stone Soup version 0.28-a0-751-gef3a642a4e (webtiles) character file.

Game seed: 11018380753306420864

23 KoroneIsBestGirl the Chiller (level 2, 0/19 HPs)
             Began as a Barachi Ice Elementalist on Oct 31, 2021.
             Was an Initiate of Ashenzari.
             Succumbed to a goblin's poison
             ... on level 2 of the Dungeon.
             The game lasted 00:02:25 (1831 turns).

KoroneIsBestGirl the Chiller (BaIE)                 Turns: 1831, Time: 00:02:26

Health: 0/19       AC:  2    Str:  9    XL:     2   Next: 95%
Magic:  2/5        EV: 11    Int: 15    God:    Ashenzari [......]
Gold:   36         SH:  3    Dex: 12    Spells: 5/6 levels left

rFire   . . .      SeeInvis .   d - +0 dagger
rCold   . . .      Faith    .   g - +0 buckler
rNeg    . . .      Spirit   .   a - +0 robe
rPois   .          Reflect  .   (no helmet)
rElec   .          Harm     .   c - scarf "Share My Regret" {+Inv, Range, Elem} (curse)
rCorr   .          Rampage  .   (no gloves)
Will    .....                   (no boots)
Stlth   ++........              (no amulet)
HPRegen 0.06/turn               (no ring)
MPRegen 0.09/turn               (no ring)

@: mighty, lethally poisoned (0 -> -4), slow
A: amphibious, slowness 1, strong legs 1, +LOS
a: Hop, Renounce Religion, Evoke Invisibility, Shatter the Chains


You were on level 2 of the Dungeon.
You worshipped Ashenzari.
Ashenzari was noncommittal.
You visited 1 branch of the dungeon, and saw 2 of its levels.

You collected 36 gold pieces.

Inventory:

Hand Weapons
 d - a +0 dagger (weapon)
Armour
 a - a +0 robe (worn)
 c - the cursed scarf "Share My Regret" (worn) {+Inv, Range, Elem}
   (You found it on level 1 of the Dungeon)

   It has a curse which improves the following skills: Ranged Combat: Slings,
   Bows, Crossbows and Throwing.
   Elements:  Fire Magic, Ice Magic, Air Magic and Earth Magic.
 g - a +0 buckler (worn)
Scrolls
 b - 3 scrolls of identify {unknown}
 e - a scroll of blinking {unknown}


   Skills:
 + Level 2.7 Dodging
 - Level 1.7 Stealth
 * Level 0.1 Shields
 + Level 2.6 Spellcasting
 + Level 5.2(5.7) Ice Magic


You had 5 spell levels left.
You knew the following spells:

 Your Spells              Type           Power      Damage    Failure   Level
a - Freeze                Ice            76%        1d9       3%          1

Your spell library contained the following spells:

 Spells                   Type           Power      Damage    Failure   Level
 Frozen Ramparts          Ice            38%        1d5       10%         3
 Ozocubu's Armour         Ice            19%        N/A       10%         3
 Hailstorm                Conj/Ice       10%        3d5       71%         4


Dungeon Overview and Level Annotations

Branches:
Dungeon (2/15)

Altars:
Ashenzari

Annotations:
D:2 Sigmund


Innate Abilities, Weirdness & Mutations

You are amphibious.
You cover ground slowly.
You can hop short distances.
You have an extended range of vision and can be seen from far away.


Message History

The goblin is wielding a +2 rapier of venom.
The goblin moves out of view.
A quokka is nearby!
You closely miss the goblin. You block the goblin's attack.
You hit the goblin but do no damage.
The goblin hits you with a +2 rapier of venom.
You are lethally poisoned!
You freeze the goblin!
You kill the goblin!
You feel very sick.
You freeze the quokka.
The quokka is lightly wounded.
You feel very sick. The quokka bites you.
You are too injured to fight recklessly!
You are too injured to fight recklessly!
You are too injured to fight recklessly!
Casting: Freeze (safe; 3% risk of failure)
Confirm with . or Enter, or press ? or * to list all spells.
Aiming: Freeze (safe; 3% risk of failure)
Press: ? - help, Shift-Dir - straight line, f/p - quokka
Aim: a quokka (lightly wounded)
You freeze the quokka!
You kill the quokka!
* * * LOW HITPOINT WARNING * * *
You feel sick.
It was a potion of might.
You feel very mighty all of a sudden.
* * * LOW HITPOINT WARNING * * *
You feel sick.
Okay, then.
Okay, then.
There is a lethal amount of poison in your body!
There is a lethal amount of poison in your body!
You aren't carrying any potions.
Unknown command.
* * * LOW HITPOINT WARNING * * *
You feel sick.
Items here: ( ) = [ †.
You die...

#....)..........
#.#######..#####
####<# #..# #..
#....#######..###.#
#.................#
#....######.....###
##.#.# ##...##
#.#.#######..#####
#@#...............
#)##########.#####
#.........# #+#
#.#.....#.#
.........
#.........#
#.........#
...........
##.##......##


There were no monsters in sight!

Vanquished Creatures
  A dart slug (D:1)
  2 ball pythons (D:1)
  A bat (D:1)
  2 endoplasms (D:2)
  2 hobgoblins (D:1)
  2 quokkas
  2 frilled lizards (D:1)
  4 goblins
  2 kobolds (D:1)
  2 rats (D:1)
20 creatures vanquished.

Notes
Turn   | Place    | Note
-------+----------+-------------------------------------------
     0 | D:1      | KoroneIsBestGirl the Barachi Ice Elementalist began the
                  | quest for the Orb.
     0 | D:1      | Reached XP level 1. HP: 13/13 MP: 3/3
   520 | D:1      | Reached skill level 5 in Ice Magic
   520 | D:1      | Reached XP level 2. HP: 17/19 MP: 3/5
   607 | D:1      | Found a faded altar of an unknown god.
   615 | D:1      | Prayed at the altar of an unknown god.
   615 | D:1      | Became a worshipper of Ashenzari the Shackled
  1462 | D:2      | Noticed Sigmund
  1831 | D:2      | Succumbed to a goblin's poison

Illustrated notes

Levels and vault maps discovered:
D:1:      evilmike_arrival_fibonacci_small, layout_basic,
          shapermc_ecumenical_altar_notcrosses
D:2:      layout_loops_corners, minmay_tripent, uniq_terence, uniq_sigmund

Skill      XL: |  1 |
---------------+----+-----
Ice Magic      | 5 |  5.2
Dodging        | |  2.7
Stealth        | |  1.7
Shields        | |  0.1
Spellcasting   | |  2.6

Action                   || total
-------------------------++-------
Melee: Unarmed           ||     3
       Dagger            ||    10
 Cast: Freeze            ||    30
Invok: Curse Item        ||     1
 Abil: Hop               ||     2
  Use: Potion            ||     1
Armor: Robe              ||     6
Dodge: Dodged            ||    17
Block: Buckler           ||     1

Table legend: (Time is in decaauts)
 A = Elapsed time spent in this place.
 B = Non-inter-level travel time spent in this place.
 C = Inter-level travel time spent in this place.
 D = Time resting spent in this place.
 E = Time spent auto-exploring this place.
 F = Levels seen in this place.
 G = Mean time per level.
                   A        B        C        D        E       F      G
               +--------+--------+--------+--------+--------+-----+--------+
         Total |   1983 |   1790 |    193 |    177 |   1439 |   2 |  991.5 |
       Dungeon |   1983 |   1790 |    193 |    177 |   1439 |   2 |  991.5 |
               +--------+--------+--------+--------+--------+-----+--------+

Top non-repeatable levels by time:
     D:1: 1754 daAuts
     D:2: 228 daAuts
